 Dungeon Crawl Stone Soup version 0.31-a0-198-g2ad674f65e (webtiles) character file.

Game seed: 8085541438472406287

141 qw the Skirmisher (level 5, -4/29 HPs)
             Began as a Deep Elf Hunter on June 25, 2023.
             Slain by a river rat (6 damage)
             ... summoned by Eustachio
             ... on level 4 of the Dungeon.
             The game lasted 00:00:43 (2331 turns).

qw the Skirmisher (Deep Elf Hunter)                 Turns: 2331, Time: 00:00:44

Health: -4/29      AC:  6    Str: 10    XL:     5   Next: 3%
Magic:  7/7        EV: 11    Int: 14    God:
Gold:   285        SH:  0    Dex: 18    Spells: 4/4 levels left

rFire   . . .        Y - +0 shortbow
rCold   . . .        (shield currently unavailable)
rNeg    . . .        a - +0 ring mail
rPois   .            (no helmet)
rElec   .            (no cloak)
rCorr   .            c - +0 pair of gloves
SInv    +            (no boots)
Will    .....        (no amulet)
Stlth   +            d - ring of see invisible
HPRegen 0.24/turn    (no ring)
MPRegen 0.10/turn

%: no passive effects
@: no status effects
A: no striking features
a: no special abilities


You were on level 4 of the Dungeon.
You visited 1 branch of the dungeon, and saw 4 of its levels.

You collected 285 gold pieces.


   Skills:
 - Level 1.5 Fighting
 + Level 8.4 Ranged Weapons
 - Level 2.4 Dodging
 - Level 1.2 Stealth


You had 4 spell levels left.
You didn't know any spells.
Your spell library was empty.

Inventory:

Hand Weapons
 Y - a +0 shortbow (weapon)
Armour
 a - a +0 ring mail (worn)
 c - a +0 pair of gloves (worn)
Jewellery
 d - a ring of see invisible (left hand)
 l - a ring of fire
Scrolls
 b - 2 scrolls of identify
Potions
 e - a potion of magic {unknown}
 f - a potion of enlightenment {unknown}
 g - a potion of cancellation {unknown}
 h - a potion of degeneration {unknown}
 i - a potion of might {unknown}
 j - a potion of curing

Dungeon Overview and Level Annotations

Branches:
Dungeon (4/15)
 Temple: D:4-7

Altars:
Xom

Annotations:
D:4 Eustachio


Message History

The arrow barely misses the ball python.
The ufetubus shouts!
The ball python bites you but does no damage.
The ball python constricts you.
The iron imp disappears for a moment.
The dart slug bites you. The ball python barely misses you.
The ball python constricts you.
You shoot an arrow.
The arrow hits the ball python but does no damage.
The ball python bites you but does no damage.
The ball python constricts you. The dart slug launches a dart at you.
The slug dart hits you but does no damage.
You shoot an arrow. The arrow hits the ball python.
You kill the ball python!
The dart slug bites you but does no damage.
You shoot an arrow. The arrow hits the dart slug!
You kill the dart slug!
The goblin barely misses you.
You shoot an arrow. The arrow misses Eustachio.
The goblin hits you but does no damage. Eustachio barely misses you.
You shoot an arrow.
The arrow hits Eustachio but does no damage.
The goblin closely misses you. Eustachio hits you with a +0 rapier.
You shoot an arrow. The arrow hits Eustachio.
Eustachio is lightly wounded.
Eustachio closely misses you. The goblin hits you with a +0 club.
You shoot an arrow. The arrow closely misses Eustachio.
The goblin hits you but does no damage.
Eustachio mumbles some strange words.
You shoot an arrow. The arrow completely misses Eustachio.
Eustachio hits you with a +0 rapier. The goblin hits you with a +0 club.
The quokka closely misses you. The river rat barely misses you.
You shoot an arrow. The arrow hits Eustachio.
Eustachio is lightly wounded.
The quokka bites you but does no damage.
The goblin hits you but does no damage.
Eustachio mumbles some strange words.
The river rat bites you.
You die...

#.##.####
..##....########
#..............#
###.....#......### ##
#.....#........###..>
###.###............#
### #.# #......#....#
..# #.# #......rr#
#.###.# #......#@#
#...#.# #......#@g#
......# #......##55$
.####..######### #b##
## #.... .# # #. .. #
.. # ... #####


You could see Eustachio, an iron imp (summoned), a river rat (summoned), a
shadow imp (summoned), a quokka (summoned), a goblin and a bat (summoned,
wandering).

Vanquished Creatures
  Blork the orc (D:4)
  4 adders
  A worm (D:3)
  4 dart slugs
  An orc (D:2)
  3 ball pythons
  3 endoplasms
  4 giant cockroaches
  5 goblins
  2 jackals (D:1)
  2 quokkas (D:2)
  A bat (D:3)
  A frilled lizard (D:1)
  3 kobolds
  A rat (D:2)
36 creatures vanquished.

Notes
Turn   | Place    | Note
-------+----------+-------------------------------------------
     0 | D:1      | qw the Deep Elf Hunter began the quest for the Orb.
     0 | D:1      | Reached XP level 1. HP: 12/12 MP: 3/3
     0 | D:1      | 0 ||| qw: Version: 0.3-a-22-g0ed2b0b
     0 | D:1      | 0 ||| qw: Game counter: 4954
     0 | D:1      | 0 ||| qw: Melee chars always use a shield: true
     0 | D:1      | 0 ||| qw: God list: Okawaru
     0 | D:1      | 0 ||| qw: Allow faded altars: false
     0 | D:1      | 0 ||| qw: Do Orc after clearing Dungeon:15 true
     0 | D:1      | 0 ||| qw: Do second Lair branch before Depths: true
     0 | D:1      | 0 ||| qw: Lair rune preference: random
     0 | D:1      | 0 ||| qw: Goals: Normal
     0 | D:1      | 0 ||| PLANNING D:1-11
   351 | D:1      | Reached XP level 2. HP: 16/16 MP: 4/4
   355 | D:1      | Reached skill level 6 in Ranged Weapons
   514 | D:1      | 514 ||| UPGRADING to +0 scale mail.
   524 | D:1      | 524 ||| DROPPING +0 leather armour.
   525 | D:1      | 525 ||| UPGRADING to ring of see invisible.
   526 | D:1      | 526 ||| READING scroll labelled WAZXER JUOFA.
   527 | D:1      | 527 ||| READING scroll labelled QUTUKH XUOLLIW.
   532 | D:1      | 532 ||| DROPPING scroll of butterflies.
   682 | D:2      | Reached XP level 3. HP: 10/20 MP: 5/5
   685 | D:2      | HP: 4/20 [quokka (2)]
   950 | D:2      | Found a shimmering altar of Xom.
  1097 | D:2      | Reached skill level 7 in Ranged Weapons
  1101 | D:2      | 1101 ||| UPGRADING to +0 ring mail.
  1111 | D:2      | 1111 ||| DROPPING +0 scale mail.
  1112 | D:2      | 1112 ||| READING 3 scrolls labelled JIXZEU QEDGHELE.
  1113 | D:2      | 1113 ||| READING 2 scrolls of identify.
  1113 | D:2      | 1113 ||| IDENTIFYING golden potion
  1114 | D:2      | 1114 ||| DROPPING potion of attraction.
  2013 | D:3      | 2013 ||| UPGRADING to +0 pair of gloves.
  2018 | D:3      | 2018 ||| READING scroll labelled UFEUTA YTSANKUHU.
  2019 | D:3      | 2019 ||| READING scroll labelled AFFOTU QUOKHLI.
  2058 | D:3      | 2058 ||| DRINKING 2 bubbling coppery potions.
  2106 | D:4      | 2106 ||| DROPPING +1 sling of electrocution.
  2137 | D:4      | Noticed Blork the orc
  2145 | D:4      | HP: 2/20 [Blork the orc/magic dart (6)]
  2147 | D:4      | Killed Blork the orc
  2148 | D:4      | Reached skill level 8 in Ranged Weapons
  2148 | D:4      | Reached XP level 4. HP: 4/25 MP: 6/6
  2311 | D:4      | Noticed Eustachio
  2315 | D:4      | Reached XP level 5. HP: 26/29 MP: 7/7
  2330 | D:4      | HP: 4/29 [Eustachio/+0 rapier (4)]
  2331 | D:4      | Slain by a river rat

Levels and vault maps discovered:
D:1:      dpeg_arrival_lava_temple_mockup, layout_basic, amethyst_killhole,
          nrook_mini_backslash
D:2:      layout_rooms, basic_altar, st_stairs_12
D:3:      layout_basic
D:4:      layout_rooms, worldfamousw_hep_ancestral_shrine, serial_bayou_ford_a,
          uniq_blork_the_orc, uniq_eustachio

Skill      XL: |  1  2  3 |
---------------+----------+-----
Ranged Weapons | 6 8 |  8.4
Fighting       | |  1.5
Dodging        | |  2.4
Stealth        | |  1.2

Action                     |  1- 3 |  4- 6 || total
---------------------------+-------+-------++-------
   Fire: Shortbow          |   103 |    38 ||   141
    Use: Scroll            |     6 |       ||     6
         Potion            |     1 |       ||     1
 Armour: Scale mail        |    18 |       ||    18
         Ring mail         |     3 |    12 ||    15
  Dodge: Dodged            |    24 |    21 ||    45

Table legend:
 A = Non-vault XP
 B = Vault XP
 C = Vault XP percentage of total XP
 D = Non-vault monster count
 E = Vault monster count
 F = Vault count percentage of total count
                 A         B        C        D         E       F
            +---------+---------+-------+---------+---------+-------
      Total |     119 |      83 |  41.1 |      34 |       2 |   5.6
            +---------+---------+-------+---------+---------+-------
        D:1 |      16 |       0 |   0.0 |       9 |       0 |   0.0
        D:2 |      46 |       2 |   4.2 |      11 |       1 |   8.3
        D:3 |      15 |       0 |   0.0 |       6 |       0 |   0.0
        D:4 |      42 |      81 |  65.9 |       8 |       1 |  11.1
            +---------+---------+-------+---------+---------+-------
